 Dungeon Crawl Stone Soup version 0.27.1-35-g4d5d836560 (webtiles) character file.

Game seed: 3050146574390806217

60 Delamore the Sneak (level 4, -4/29 HPs)
             Began as an Octopode Brigand on May 3, 2022.
             Slain by a gnoll (8 damage)
             ... on level 2 of the Dungeon.
             The game lasted 00:01:11 (1771 turns).

Delamore the Sneak (Octopode Brigand)               Turns: 1771, Time: 00:01:11

Health: -4/29      AC:  1    Str: 10    XL:     4   Next: 6%
Magic:  4/4        EV: 12    Int: 13    God:
Gold:   123        SH:  0    Dex: 14    Spells: 3/3 levels left

rFire    . . .     SeeInvis .   a - +2 dagger
rCold    . . .     Faith    .   (no shield)
rNeg     . . .     Spirit   .   (helmet restricted)
rPois    .         Reflect  .   (no amulet)
rElec    .         Harm     .   (no ring)
rCorr    .         Rampage  .   (no ring)
Will     .....                  (no ring)
Stlth    ++++......             (no ring)
HPRegen  0.09/turn              (no ring)
MPRegen  0.09/turn              (no ring)
                                (no ring)
                                (no ring)

@: no status effects
A: almost no armour, amphibious, 8 rings, camouflage 1, gelatinous body 1,
(nimble swimmer 1), tentacles
a: no special abilities


You were on level 2 of the Dungeon.
You visited 1 branch of the dungeon, and saw 2 of its levels.

You collected 123 gold pieces.

Inventory:

Hand Weapons
 a - a +2 dagger (weapon)
Missiles
 b - 8 poisoned darts (quivered)
 e - 8 atropa-tipped darts
Scrolls
 d - a scroll of fear
 f - a scroll of amnesia
 g - a scroll of teleportation {unknown}
 h - a scroll of immolation {unknown}
 i - a scroll of vulnerability {unknown}
 j - a scroll of noise {unknown}
 n - a scroll of identify
Potions
 k - a potion of flight {unknown}
 l - a potion of haste {unknown}
 m - a potion of heal wounds {unknown}


   Skills:
 - Level 2.0 Fighting
 * Level 3.6 Short Blades
 - Level 2.0 Throwing
 - Level 1.0 Dodging
 + Level 6.1 Stealth


You had 3 spell levels left.
You didn't know any spells.
Your spell library contained the following spells:

 Spells                   Type           Power      Damage    Failure   Level
 Ozocubu's Armour         Ice            0%         N/A       67%         3
 Ozocubu's Refrigeration  Ice            0%         4d5       100%        7


Dungeon Overview and Level Annotations

Branches:
Dungeon (2/15)

Altars:


Innate Abilities, Weirdness & Mutations

You cannot wear most types of armour.
You are amphibious.
You can wear up to eight rings at the same time.
Your skin changes colour to match your surroundings (Stealth+).
Your rubbery body absorbs attacks. (AC +1, EV +1)
((You are camouflaged near water. (Stealth+)))
You have tentacles for arms and can constrict up to eight enemies at once.


Message History

A gnoll is nearby!
A gnoll is nearby!
You hit the gnoll. You grab the gnoll.
The gnoll is moderately wounded.
You constrict the gnoll, but do no damage.
The gnoll completely misses you.
You hit the gnoll.
The gnoll is heavily wounded.
You constrict the gnoll.
The gnoll hits you with a +2 whip of electrocution!
* * * LOW HITPOINT WARNING * * *
You hit the gnoll.
The gnoll is almost dead.
You constrict the gnoll, but do no damage.
The gnoll hits you but does no damage.
You hit the gnoll.
You kill the gnoll!
You have reached level 4!
A hobgoblin comes into view.
A goblin comes into view. It is wielding a +0 dagger.
Throw: 2 darts (curare)
Press: ? - help, Q - select action, (/) - cycle Shift-Dir - straight line, f - gnoll
Aim: a gnoll, wielding a +0 club (64% to hit)
You throw a curare-tipped dart.
The curare-tipped dart barely misses the gnoll.
The curare-tipped dart hits the hobgoblin.
The hobgoblin is poisoned.
The hobgoblin convulses.
You kill the hobgoblin!
The gnoll hits you with a +0 club.
* * * LOW HITPOINT WARNING * * *
Throw: dart (curare)
Press: ? - help, Q - select action, (/) - cycle Shift-Dir - straight line, f/p - gnoll
Aim: a gnoll, wielding a +0 club (64% to hit)
You throw a curare-tipped dart. The curare-tipped dart hits the gnoll.
The gnoll is poisoned.
The gnoll convulses.
The gnoll seems to slow down.
The gnoll is lightly wounded.
The gnoll hits you with a +0 club!
You die...

#.####..##.###.####..
#.# ##............#
#.# #..........#g#
#.# #..##..._)(..#
#.# ##.#.......g.#
#.# #.........#.# #.#
.......#......# #.#
.###...#..#g### ..#
.....#.†#@# ###
###...##.#.# #...
..#.. #. #.#### #.#
#.# .#


You could see 2 gnolls.

Vanquished Creatures
  A gnoll (D:2)
  An adder (D:2)
  A dart slug (D:2)
  2 endoplasms (D:1)
  2 giant cockroaches (D:1)
  4 goblins
  8 hobgoblins
  4 quokkas
  4 ball pythons
  3 bats
  3 frilled lizards (D:1)
  3 kobolds
  2 rats
38 creatures vanquished.

Notes
Turn   | Place    | Note
-------+----------+-------------------------------------------
     0 | D:1      | Delamore the Octopode Brigand began the quest for the Orb.
     0 | D:1      | Reached XP level 1. HP: 14/14 MP: 1/1
   424 | D:1      | Reached XP level 2. HP: 18/19 MP: 2/2
   886 | D:1      | Reached XP level 3. HP: 18/24 MP: 3/3
  1541 | D:2      | Reached skill level 6 in Stealth
  1747 | D:2      | Found a faded altar of an unknown god.
  1765 | D:2      | Reached XP level 4. HP: 8/29 MP: 4/4
  1771 | D:2      | Slain by a gnoll

Illustrated notes

Levels and vault maps discovered:
D:1:      shiori_arrival_elements, layout_basic, roderic_roman_lattice
D:2:      layout_basic, ebering_ecumenical_altar_sacrificial,
          minmay_tetromino_i4

Skill      XL: |  1  2  3 |
---------------+----------+-----
Short Blades   | 3 |  3.6
Stealth        | 6 |  6.1
Fighting       | |  2.0
Throwing       | |  2.0
Dodging        | |  1.0

Action                   |  1- 3 |  4- 6 || total
-------------------------+-------+-------++-------
Melee: Dagger            |    68 |       ||    68
       Constrict         |    12 |       ||    12
       Tentacles         |     7 |       ||     7
Throw: Dart              |       |     2 ||     2
  Use: Scroll            |     2 |       ||     2
 Stab: Sleeping          |    13 |       ||    13
Armor: Skin              |     5 |       ||     5
Dodge: Dodged            |    29 |       ||    29
